 Dungeon Crawl Stone Soup version 0.31.0-1-g2c135a0 (webtiles) character file.

Game seed: 16176578646933751205

2446393 Taxman1966 the Metallomancer (level 27, 169/169 HPs)
             Began as a Gargoyle Earth Elementalist on Jan 30, 2024.
             Was the Champion of Vehumet.
             Escaped with the Orb
             ... and 4 runes
             ... and 2 gems on Feb 1, 2024!
             The game lasted 07:13:47 (76065 turns).

Taxman1966 the Metallomancer (GrEE)                Turns: 76065, Time: 07:13:47

Health: 169/169    AC: 52    Str: 14    XL:     27
Magic:  59/59      EV: 10    Int: 46    God:    Vehumet [******]
Gold:   2094       SH: 13    Dex:  7    Spells: 0/72 levels left

rFire   + + .        a - staff of earth
rCold   + + +        R - +1 kite shield of the Okapi {Will++ Regen+ rCorr}
rNeg    + + +        g - +5 pearl dragon scales of the Tired Violins {rN+ Int+2 Dex-4 SInv}
rPois   ∞            q - -2 hat of the Alchemist {rElec rPois rF+ rC+ rN+ Will+ rMut rCorr}
rElec   +            t - +0 cloak of the Cricket {Str+7}
rCorr   +            J - +2 pair of gloves of the Bequeathed God {rElec rC++ Will+++ Str-3}
SInv    +            P - +0 pair of boots "Omymoam" {rElec Dex+3 Stlth-}
Will    +++++        i - amulet of magic regeneration Stlth
                     e - ring of Stoicism {rC+ Will+ MP+9}
HPRegen 1.28/turn    S - ring of a Billion Quests {^Drain rF+ rN+ Int+6}
MPRegen 0.76/turn

%: resist mutation
@: flying
A: sickness immunity, AC +20, big wings, negative energy resistance 1,
electricity resistance, torment resistance 1, petrification resistance, clever
2, noise suppression
0: Orb of Zot
}: 4/15 runes: barnacled, slimy, silver, gossamer
a: Renounce Religion


You escaped.
You worshipped Vehumet.
Vehumet was exalted by your worship.
You visited 12 branches of the dungeon, and saw 56 of its levels.
You visited 2 bazaars.
You also visited: Trove, Gauntlet and Desolation.

You collected 9889 gold pieces.
You spent 7795 gold pieces at shops.

Inventory:

Armour
 g - the +5 pearl dragon scales of the Tired Violins (worn) {rN+ Int+2 Dex-4 SInv}
   (You took it off a servant of whispers in the Desolation of Salt)

   Int+2:     It affects your intelligence (+2).
   Dex-4:     It affects your dexterity (-4).
   rN+:       It protects you from negative energy.
   SInv:      It lets you see invisible.
 q - the -2 hat of the Alchemist (worn) {rElec rPois rF+ rC+ rN+ Will+ rMut rCorr}
   (You found it in the Desolation of Salt)

   rF+:       It protects you from fire.
   rC+:       It protects you from cold.
   rElec:     It insulates you from electricity.
   rPois:     It protects you from poison rN+: It protects you from negative
   energy.
   Will+:     It increases your willpower.
   rCorr:     It protects you from acid and corrosion.
   rMut:      It protects you from mutation.
 t - the +0 cloak of the Cricket (worn) {Str+7}
   (You found it on level 3 of the Elven Halls)

   Str+7:     It affects your strength (+7).
 F - the +0 helmet of Ruadas Bois {Int+4 Stlth-}
   (You found it in the Desolation of Salt)

   Int+4:     It affects your intelligence (+4).
   Stlth-:    It makes you less stealthy.
 J - the +2 pair of gloves of the Bequeathed God (worn) {rElec rC++ Will+++ Str-3}
   (You found it on level 5 of the Vaults)

   Str-3:     It affects your strength (-3).
   rC++:      It greatly protects you from cold.
   rElec:     It insulates you from electricity.
   Will+++:   It greatly increases your willpower.
 P - the +0 pair of boots "Omymoam" (worn) {rElec Dex+3 Stlth-}
   (You found it on level 3 of the Elven Halls)

   Dex+3:     It affects your dexterity (+3).
   rElec:     It insulates you from electricity.
   Stlth-:    It makes you less stealthy.
 R - the +1 kite shield of the Okapi (worn) {Will++ Regen+ rCorr}
   (You took it off a merfolk on level 4 of the Shoals)

   Will++:    It greatly increases your willpower.
   Regen+:    It increases your rate of health regeneration.
   rCorr:     It protects you from acid and corrosion.
Magical Staves
 a - a staff of earth (weapon)
 b - a staff of fire
Jewellery
 e - the ring of Stoicism (left hand) {rC+ Will+ MP+9}
   (You found it in a treasure trove)

   [ring of magical power]

   rC+:       It protects you from cold.
   Will+:     It increases your willpower.
   MP+9:      It affects your magic capacity (+9).
 i - an amulet of magic regeneration (around neck)
 r - the ring of Anylacou {EV+5 Slay+3}
   (You found it on level 5 of the Lair of Beasts)

   [ring of evasion]

   EV+5:      It affects your evasion (+5).
   Slay+3:    It affects your accuracy & damage with ranged weapons and melee
   (+3).
 y - a ring of protection from fire
 S - the ring of a Billion Quests (right hand) {^Drain rF+ rN+ Int+6}
   (You found it in a Gauntlet)

   [ring of intelligence]

   Int+6:     It affects your intelligence (+6).
   rF+:       It protects you from fire.
   rN+:       It protects you from negative energy.
   ^Drain:    It drains your maximum health when unequipped.
Wands
 n - a wand of light (31)
 o - a wand of flame (46)
 u - a wand of paralysis (65)
 C - a wand of iceblast (82)
 E - a wand of digging (27)
 M - a wand of mindburst (20)
Scrolls
 c - 8 scrolls of fog
 f - 10 scrolls of fear
 j - 5 scrolls of summoning
 k - 6 scrolls of revelation
 z - 24 scrolls of teleportation
 A - 9 scrolls of poison
 D - 2 scrolls of torment
 I - 8 scrolls of blinking
 L - 12 scrolls of immolation
 N - 7 scrolls of amnesia
Potions
 d - 15 potions of curing
 h - 9 potions of mutation
 l - 8 potions of haste
 m - 5 potions of invisibility
 p - 8 potions of resistance
 s - 7 potions of enlightenment
 v - 11 potions of heal wounds
 w - 2 potions of berserk rage
 x - 9 potions of magic
 B - 15 potions of might
 H - 9 potions of ambrosia
 K - 12 potions of brilliance
 U - 3 potions of cancellation
Miscellaneous
 G - a lightning rod (4/4)
 X - a box of beasts
 Y - a phial of floods
 Z - a phantom mirror


   Skills:
 - Level 16.5 Fighting
 - Level 8.0 Staves
 - Level 22.6 Armour
 - Level 5.1 Dodging
 - Level 2.1 Stealth
 - Level 17.0 Shields
 * Level 23.2 Spellcasting
 * Level 21.9 Conjurations
 * Level 20.0 Fire Magic
 - Level 25.1 Earth Magic
 - Level 5.0 Evocations


You couldn't memorise any spells.
You knew the following spells:

 Your Spells              Type           Power      Damage    Failure   Level
a - Sandblast             Erth           100%       2d20      0%          1
b - Brom's Barrelling Bo  Conj/Erth      100%       2d11      0%          4
c - Lehudib's Crystal Sp  Conj/Erth      79%        10d18     1%          8
f - Fire Storm            Conj/Fire      64%        8d16      6%          9
i - Ignition              Fire           63%        3d17      1%          8
k - Sticky Flame          Fire/Alch      98%        2d14      1%          4
l - Lee's Rapid Deconstr  Erth           81%        3d36*     0%          5
r - Bombard               Conj/Erth      79%        9d13      0%          6
s - Shatter               Erth           81%        3d59*     1%          9
t - Starburst             Conj/Fire      64%        6d17      1%          6
C - Flame Wave            Conj/Fire      100%       2d21      0%          4
F - Fireball              Conj/Fire      64%        3d24      0%          5
P - Passwall              Erth           100%       N/A       0%          3

Your spell library contained the following spells:

 Spells                   Type           Power      Damage    Failure   Level
 Foxfire                  Conj/Fire      100%       2x1d9     0%          1
 Kiss of Death            Conj/Necr      100%       2d13      0%          1
 Magic Dart               Conj           100%       1d8       0%          1
 Shock                    Conj/Air       100%       1d9       0%          1
 Sting                    Conj/Alch      100%       1d9       0%          1
 Momentum Strike          Conj/Tloc      100%       3d10      0%          2
 Scorch                   Fire           100%       2d9       0%          2
 Static Discharge         Conj/Air       100%       3-8/arc   0%          2
 Stone Arrow              Conj/Erth      100%       3d13      0%          3
 Iskenderun's Battlesphe  Conj           100%       2d15      0%          5
 Apportation              Tloc           100%       N/A       1%          1
 Freeze                   Ice            100%       1d10      1%          1
 Necrotise                Necr           100%       1d9       1%          1
 Summon Small Mammal      Summ           100%       N/A       1%          1
 Blink                    Tloc           100%       N/A       1%          2
 Call Imp                 Summ           100%       N/A       1%          2
 Ensorcelled Hibernation  Hex/Ice        100%       N/A       1%          2
 Lesser Beckoning         Tloc           100%       N/A       1%          2
 Mercury Vapours          Alch/Air       100%       N/A       1%          2
 Dazzling Flash           Conj/Hex       100%       N/A       1%          3
 Frozen Ramparts          Ice            100%       1d16      1%          3
 Hailstorm                Conj/Ice       100%       3d16      1%          3
 Inner Flame              Hex/Fire       98%        N/A       1%          3
 Mephitic Cloud           Conj/Alch/Air  88%        N/A       1%          3
 Volatile Blastmotes      Fire/Tloc      100%       2d18      1%          3
 Animate Armour           Summ/Erth      100%       N/A       1%          4
 Fulminant Prism          Conj/Alch      50%        3d23      1%          4
 Ignite Poison            Fire/Alch      98%        N/A       1%          4
 Iskenderun's Mystic Bla  Conj/Tloc      100%       2d19      1%          4
 Leda's Liquefaction      Alch/Erth      65%        N/A       1%          4
 Petrify                  Alch/Erth      100%       N/A       1%          4
 Summon Blazeheart Golem  Fire/Summ      98%        N/A       1%          4
 Borgnjor's Vile Clutch   Necr/Erth      65%        N/A       1%          5
 Freezing Cloud           Conj/Ice/Air   44%        6-21      1%          5
 Irradiate                Conj/Alch      50%        3d28      1%          5
 Conjure Ball Lightning   Conj/Air       50%        3x3d17    1%          6
 Plasma Beam              Fire/Air       49%        2x1d63    1%          6
 Orb of Destruction       Conj           65%        9d15      1%          7
 Call Canine Familiar     Summ           52%        N/A       3%          3
 Confusing Touch          Hex            52%        N/A       3%          3
 Fugue of the Fallen      Necr           52%        N/A       3%          3
 Gell's Gravitas          Tloc           52%        N/A       3%          3
 Ozocubu's Armour         Ice            52%        N/A       3%          3
 Sigil of Binding         Hex            52%        N/A       3%          3
 Summon Ice Beast         Ice/Summ       52%        N/A       3%          3
 Teleport Other           Tloc           52%        N/A       3%          3
 Tukima's Dance           Hex            52%        N/A       3%          3
 Vampiric Draining        Necr           52%        2d9       3%          3
 Airstrike                Air            26%        2d(4-20)  3%          4
 Olgreb's Toxic Radiance  Alch           52%        N/A       3%          4
 Yara's Violent Unravell  Hex/Alch       26%        3d11      10%         5
 Anguish                  Hex/Necr       26%        N/A       12%         4
 Animate Dead             Necr           52%        N/A       12%         4
 Cause Fear               Hex            26%        N/A       12%         4
 Dimensional Bullseye     Hex/Tloc       26%        N/A       12%         4
 Dispel Undead            Necr           52%        3d19      12%         4
 Manifold Assault         Tloc           52%        N/A       12%         4
 Martyr's Knell           Necr/Summ      52%        N/A       12%         4
 Passage of Golubria      Tloc           52%        N/A       12%         4
 Summon Lightning Spire   Summ/Air       52%        N/A       12%         4
 Vhi's Electric Charge    Tloc/Air       100%       N/A       12%         4
 Curse of Agony           Necr           52%        N/A       34%         5
 Metabolic Englaciation   Hex/Ice        26%        N/A       34%         5
 Silence                  Hex/Air        26%        N/A       34%         5
 Summon Forest            Summ/Tloc      26%        N/A       34%         5
 Summon Mana Viper        Hex/Summ       52%        N/A       34%         5
 Death Channel            Necr           26%        N/A       88%         6
 Dispersal                Tloc           26%        N/A       88%         6
 Sculpt Simulacrum        Ice/Alch       26%        N/A       88%         6
 Summon Cactus Giant      Summ           26%        N/A       88%         6
 Ozocubu's Refrigeration  Ice            26%        4d13      92%         7
 Chain Lightning          Conj/Air       50%        3d67      96%         9
 Haunt                    Necr/Summ      26%        N/A       100%        7
 Monstrous Menagerie      Summ           26%        N/A       100%        7
 Summon Hydra             Summ           26%        N/A       100%        7
 Discord                  Hex            26%        N/A       100%        8
 Disjunction              Tloc           26%        N/A       100%        8
 Maxwell's Capacitive Co  Air            26%        ∞         100%        8
 Death's Door             Necr           26%        N/A       100%        9
 Dragon's Call            Summ           26%        N/A       100%        9
 Polar Vortex             Ice            26%        12d3*     100%        9
 Cigotuvi's Dreadful Rot  Necr/Alch/Air  Unusable   N/A       N/A         2
 Sublimation of Blood     Necr           Unusable   N/A       N/A         2

Dungeon Overview and Level Annotations

Branches:
Dungeon (15/15)            Temple (1/1) D:6            Lair (5/5) D:9
 Shoals (4/4) Lair:3       Spider (4/4) Lair:2        Slime (5/5) Lair:4
    Orc (2/2) D:11            Elf (3/3) Orc:2        Vaults (5/5) D:14
  Crypt (3/3) Vaults:2       Tomb (0/3) Crypt:3      Depths (4/4) D:15
    Zot (5/5) Depths:4    Desolation (visited)      Gauntlet (visited)

Altars:
Ashenzari
Cheibriados
Dithmenos
Elyvilon
Fedhas
Gozag
Hepliaklqana
Kikubaaqudgha
Makhleb
Nemelex Xobeh
Okawaru
Qazlal
Ru
Sif Muna
Trog
Uskayaw
Vehumet
Wu Jian
Xom
Yredelemnul
Zin
The Shining One
Jiyva

Shops:
D:3 ?   D:6 !:   D:11 *   Orc:1 ?(!   Orc:2 *(:   Elf:1 *   Shoals:3 !
Vaults:1 *!   Vaults:2 !   Vaults:4 *

Portals:
Hell: Depths:1 Depths:2 Depths:3 Depths:4
Abyss: Lair:1 Depths:1 Depths:3
Pandemonium: Depths:2
Ziggurat: Depths:4


Innate Abilities, Weirdness & Mutations

You are immune to sickness and miasma.
Your stone body is resilient. (AC +20)
You are immune to poison.
Your large and strong wings let you fly.
You resist negative energy. (rN+)
You are resistant to electric shocks. (rElec)
You are resistant to unholy torment.
You are immune to petrification.
Your mind is very acute. (Int +8, Str/Dex -2)
You passively dampen the noise of your surroundings.


Message History

Okay, then.
Unknown command.
Your memory of Stone Arrow unravels.
Unknown command.
This spell is dangerous to cast!
You start memorising the spell.
You continue memorising. x9
You finish memorising.
Spell assigned to 'd'.
Adjust (i)tems, (s)pells, or (a)bilities?
Adjust which spell?
Okay, then.
Unknown command.
Adjust (i)tems, (s)pells, or (a)bilities?
Adjust which spell? f - Fireball Adjust to which letter?
F - Fireball Adjust (i)tems, (s)pells, or (a)bilities?
Adjust which spell? d - Fire Storm Adjust to which letter? f - Fire Storm You fly upwards.
There is a stone staircase leading down here.
There is an open door here.
An adder comes into view.
There is a stone staircase leading up here.
The adder hisses angrily.
You fly upwards.
There is a stone staircase leading down here.
There is a stone staircase leading up here.
You fly upwards.
There is a stone staircase leading down here.
There is a stone staircase leading up here.
You fly upwards.
There is a stone staircase leading down here.
There is an open door here.
There is an open door here.
There is a large open door here.
There is a staircase leading out of the dungeon here.
You have escaped!

######......#.######.#....#.#....
###.####.#..#........#........#..
#.....)..#.................#....#
###.#######.~~~≈≈≈≈~~~........#..
....# #.~8~~§≈~~8~......#....
##### #.~~8~~~~8~~.#'#.....##
#.≈~~#''#~~≈.#.##..#.## ##
#.≈≈~#..#~§≈.#.##.>.... .#
#.≈≈~#@.#~≈≈.#.######## .#
#.≈~~####~~≈.#.# .#
#.~~8~~~~8~~.#.# .#
#.~8~~≈≈§~8~.#.# ##
#.~~~≈≈≈≈~~~.#.########
#.##########.#......... #.#
#.########## ###########.# #.#
............# #.#


There were no monsters in sight!

Vanquished Creatures
  the Royal Jelly (Slime:5)
  Dissolution (Slime:3)
  4 dread liches
  Frederick (Depths:4)
  4 orbs of fire (Zot:5)
  2 ancient liches
  The ghost of Jiorhin the Wrestler, a legendary TrBe of Trog (Zot:3)
  Mennas (Depths:4)
  Mara (Shoals:4)
  A pandemonium lord (D:14)
  A juggernaut (Depths:2)
  The ghost of Beuseq the Gnoll Aeon, a master GnFi of Cheibriados (Zot:2)
  Josephina (Depths:3)
  Vv (Depths:2)
  Boris (Depths:1)
  Bai Suzhen (Crypt:2)
  Parghit (Zot:2)
  3 Killer Klowns (Zot:5)
  8 caustic shrikes (Depths:4)
  Saint Roka (Depths:1)
  7 curse toes
  Margery (Depths:3)
  A profane servitor (Crypt:3)
  8 golden dragons
  Norris (Elf:3)
  2 Tzitzimimeh
  A hellephant (Depths:3)
  3 Hell Sentinels
  Jorgrun (Elf:1)
  16 tentacled monstrosities
  2 electric golems (Zot:5)
  28 Orb Guardians
  6 liches
  The ghost of Bycosi the Peltast, an adept MiFi of Yredelemnul (Shoals:3)
  Mlioglotl (Spider:4)
  9 quicksilver dragons
  3 deep elf blademasters (Elf:3)
  A walking divine tome (Depths:4)
  A walking frostbound tome (Depths:4)
  Asterion (Vaults:2)
  7 titans
  10 ancient champions
  An Executioner (Zot:5)
  7 sphinxes
  9 death cobs
  20 acid blobs
  2 deep elf master archers (Elf:3)
  Kirke (D:15)
  8 shadow dragons
  12 tengu reavers
  A protean progenitor (Zot:5)
  4 revenants
  Aizul (Spider:4)
  18 storm dragons
  Roxanne (Spider:3)
  15 rockslimes
  5 frost giants
  6 draconian monks
  17 azure jellies
  11 fire giants
  5 emperor scorpions
  6 draconian scorchers
  An imperial myrmidon (Desolation)
  6 draconian knights
  An iron dragon (Depths:4)
  12 vault wardens
  8 draconian shifters
  3 balrugs
  6 ghouls
  4 deep elf sorcerers
  2 angels (Elf:2)
  Louise (D:15)
  2 orc warlords (Vaults:3)
  A curse skull (Crypt:1)
  8 deep elf elementalists (Elf:3)
  2 draconian stormcallers
  10 ghost moths
  13 very ugly things
  A reaper (Depths:1)
  2 draconian annihilators
  5 spriggan defenders
  10 formless jellyfish
  14 ironbound preservers
  A broodmother (Spider:3)
  15 stone giants
  15 quicksilver oozes
  10 ironbound thunderhulks
  Nessos (D:13)
  8 black draconians
  8 vampire knights
  11 green draconians
  6 deep elf death magi
  3 war gargoyles
  11 red draconians
  8 yellow draconians
  A minotaur (Gauntlet)
  8 deep elf annihilators (Elf:3)
  2 halazid warlocks (Desolation)
  4 deep elf demonologists
  5 purple draconians
  A lorocyproca (D:9)
  6 spark wasps
  Snorg (Lair:5)
  Azrael (D:15)
  12 white draconians
  4 dire elephants
  4 merfolk javelineers (Shoals:4)
  An eidolon (Crypt:1)
  3 crystal guardians
  12 ettins
  5 fire dragons
  The ghost of NobodyHome the Thaumaturge, a journeyman GnAl of Vehumet (Lair:1)
  17 jiangshi
  6 deep elf high priests
  8 ragged hierophants (Desolation)
  8 merfolk impalers
  30 vault guards
  17 great orbs of eyes
  7 hydras
  A rakshasa (Depths:2)
  A quicksilver ooze (shapeshifter) (Depths:4)
  20 yaktaur captains
  7 entropy weavers
  5 servants of whispers (Desolation)
  10 ice dragons
  A hell beast (Depths:2)
  6 spriggan air magi
  12 peacekeepers
  11 ironbound frosthearts
  12 centaur warriors
  A catoblepas (Lair:5)
  3 death knights
  3 merfolk avatars
  6 radroaches
  An anaconda (shapeshifter) (Lair:1)
  28 dancing weapons
  5 merfolk aquamancers
  4 hell hogs (Zot:1)
  9 boulder beetles
  A tengu warrior (Depths:4)
  4 two-headed ogres
  6 deep troll shamans
  15 death yaks
  6 orc high priests
  3 deep troll earth magi
  15 demonic crawlers
  9 vampire magi
  The ghost of queze the Summoner, a journeyman FeSu of Kikubaaqudgha (Lair:2)
  The ghost of Agrajag the Ruffian, a novice TrFi of Wu Jian (D:7)
  9 spriggan berserkers
  A thrashing horror (Lair:1)
  13 hell knights
  3 soul eaters
  Nergalle (Orc:1)
  Sonja (Lair:2)
  20 deep elf knights
  A spectral dire elephant (Lair:5)
  2 sun demons
  7 skysharks
  4 shadow wraiths (Crypt:3)
  3 flayed ghosts
  7 iron trolls
  6 pharaoh ants
  20 skeletal warriors
  19 sea snakes
  3 titan skeletons
  2 spectral death yaks (Lair:5)
  A sixfirhy (Gauntlet)
  40 deep trolls
  7 mana vipers (Depths:3)
  7 orb spiders
  5 arcanists
  A spectral anaconda (Lair:5)
  A snapping turtle (shapeshifter) (Vaults:5)
  A glowing orange brain (shapeshifter) (Vaults:5)
  17 deep elf archers
  A shadow demon (D:5)
  An obsidian statue (Lair:5)
  9 glowing orange brains
  20 ironbound convokers
  11 lindwurms
  28 necromancers
  14 phantasmal warriors
  26 orc knights
  A frost giant zombie (Depths:2)
  21 deep elf zephyrmancers
  23 harpies
  8 steelbarb worms
  32 ugly things
  A tengu skeleton (Depths:2)
  A fire giant zombie (Depths:2)
  19 wolf spiders
  8 manticores
  31 deep elf pyromancers
  A salamander (shapeshifter) (Elf:2)
  4 fauns (Shoals:1)
  8 shining eyes
  4 cyclopes
  7 orc sorcerers
  5 human zombies
  A moth of wrath (shapeshifter) (Vaults:5)
  7 meliai
  15 elephants (Lair:5)
  2 fire giant skeletons
  A goliath frog skeleton (Crypt:3)
  Maurice (Orc:2)
  2 kobold blastminers (Orc:2)
  A centaur zombie (D:12)
  120 slime creatures
  26 moths of wrath
  7 merfolk sirens
  A large abomination (D:7)
  4 black mambas
  A guardian serpent (Desolation)
  2 smoke demons
  4 eyes of devastation
  12 torpor snails
  22 vault sentinels
  An apocalypse crab (Gauntlet)
  3 gargoyles
  An alligator snapping turtle zombie (Crypt:3)
  3 molten gargoyles (Desolation)
  8 water nymphs
  3 rime drakes
  10 cane toads
  3 centaur skeletons (D:12)
  A titan simulacrum (Depths:3)
  A dire elephant skeleton (Crypt:1)
  2 kobold demonologists
  An eye of devastation (shapeshifter) (Vaults:5)
  An unseen horror zombie (Crypt:3)
  5 tengu conjurers
  A tormentor (Depths:2)
  2 unseen horrors (D:11)
  An alligator snapping turtle skeleton (Crypt:2)
  11 komodo dragons
  33 yaktaurs
  An efreet (D:14)
  5 freezing wraiths
  27 merfolk
  2 guardian mummies
  5 polar bears
  2 red draconian skeletons
  An anaconda simulacrum (Crypt:1)
  3 tengu simulacra
  A white draconian skeleton (Crypt:2)
  6 trolls
  A red devil (Spider:4)
  A hornet (shapeshifter) (Depths:2)
  9 wind drakes
  A hydra zombie (Crypt:2)
  5 hornets
  A death drake zombie (Crypt:2)
  27 tarantellas
  41 saltlings (Desolation)
  The ghost of cpf86 the Changeling, an amateur DsSh of Qazlal (D:4)
  2 sun moth zombies
  4 glass eyes
  13 blink frogs
  A boulder beetle zombie (Crypt:2)
  A frost giant simulacrum (Depths:3)
  8 snapping turtles
  5 air elementals (Shoals:4)
  5 spriggans
  20 culicivoras
  A centaur simulacrum (D:12)
  21 jumping spiders
  9 shadows
  5 vampires
  A spriggan (shapeshifter) (D:13)
  3 wraiths
  4 wyverns
  A ynoxinul (D:11)
  30 water elementals
  2 dire elephant simulacra
  2 ettin skeletons (Crypt:1)
  7 fire elementals
  2 hogs (D:15)
  68 yaks
  6 golden eyes
  6 basilisks
  A warg (shapeshifter) (D:15)
  A neqoxec (Depths:4)
  64 redbacks
  A steam dragon (D:8)
  3 wargs
  A glowing shapeshifter zombie (Vaults:1)
  Menkaure (D:7)
  10 vampire mosquitoes
  2 death yak simulacra (Lair:5)
  A swamp worm (shapeshifter) (Vaults:5)
  2 spectral cane toads (Lair:5)
  17 water moccasins
  10 hell hounds
  2 sky beasts
  5 ice beasts
  2 black bears
  8 boggarts (D:15)
  An elf simulacrum (Vaults:1)
  A small abomination (D:14)
  14 laughing skulls
  22 orc warriors
  7 ogres
  7 wolves
  12 centaurs
  A dream sheep skeleton (Crypt:1)
  An elephant skeleton (Lair:5)
  A swamp dragon skeleton (Crypt:2)
  A komodo dragon zombie (Crypt:3)
  A rime drake skeleton (Crypt:2)
  A glowing shapeshifter simulacrum (Depths:3)
  13 bullfrogs
  A gnoll sergeant (D:11)
  A brain worm (shapeshifter) (Elf:3)
  A komodo dragon skeleton (Crypt:1)
  3 naga simulacra
  2 earth elementals
  3 necrophages
  A warg zombie (Crypt:1)
  4 scorpions
  10 wights
  An elephant simulacrum (Lair:5)
  A polar bear zombie (Crypt:1)
  17 killer bees
  4 electric eels
  2 howler monkeys
  A bombardier beetle (D:4)
  A basilisk zombie (Crypt:2)
  4 hounds
  5 jellies
  12 orc priests
  3 gnoll boudas
  2 human skeletons (Crypt:1)
  4 sleepcaps
  Jessica (D:3)
  7 iguanas
  18 orc wizards
  5 hell rats (Lair:5)
  An acid dragon skeleton (Crypt:1)
  15 mummies
  15 gnolls
  A steam dragon zombie (Crypt:2)
  11 adders
  A steam dragon skeleton (Crypt:3)
  A shadow imp (D:7)
  6 white imps
  6 ufetubi
  An adder zombie (Crypt:3)
  An adder skeleton (Crypt:3)
  A ribbon worm (D:2)
  4 dart slugs
  54 orcs
  7 endoplasms
  2 giant cockroaches
  5 goblins
  8 hobgoblins
  6 jackals
  6 kobolds
  4 quokkas
  3 ball pythons
  9 bats
  A bombardier beetle zombie (Crypt:2)
  2 frilled lizards
  A frilled lizard skeleton (Crypt:3)
  5 rats
  2 aspiring fleshes (Zot:5)
2557 creatures vanquished.

Vanquished Creatures (collateral kills)
  An orc warlord (Orc:2)
  A deep troll (Depths:4)
  An orc warrior (Orc:2)
  9 boulders
12 creatures vanquished.

Vanquished Creatures (others)
  A lich (Zot:2)
  3 spriggan berserkers (Depths:3)
  A deep elf zephyrmancer (Elf:3)
  4 humans (D:15)
  An orc warrior (D:8)
  A centaur (D:8)
  An orc priest (Depths:1)
  An orc (D:8)
  7 boulders
20 creatures vanquished.

Grand Total: 2589 creatures vanquished

Notes
Turn   | Place    | Note
-------+----------+-------------------------------------------
     0 | D:1      | Taxman1966 the Gargoyle Earth Elementalist began the quest
                  | for the Orb.
     0 | D:1      | Reached XP level 1. HP: 10/10 MP: 3/3
    64 | D:1      | Reached XP level 2. HP: 16/16 MP: 1/5
   536 | D:1      | Reached skill level 1 in Fighting
   715 | D:1      | Reached skill level 4 in Earth Magic
   971 | D:1      | Reached XP level 3. HP: 15/20 MP: 3/6
  1528 | D:2      | Reached XP level 4. HP: 25/25 MP: 5/7
  1927 | D:2      | Found a faded altar of an unknown god.
  2031 | D:3      | Noticed Jessica
  2036 | D:3      | Killed Jessica
  2186 | D:3      | Found Joteqieq's Magic Scroll Boutique.
  2191 | D:3      | Bought a scroll of revelation for 82 gold pieces
  2191 | D:3      | Bought a scroll of identify for 22 gold pieces
  2191 | D:3      | Bought a scroll of identify for 22 gold pieces
  2685 | D:4      | Reached XP level 5. HP: 30/30 MP: 9/9
  3145 | D:4      | Reached skill level 5 in Earth Magic
  3208 | D:4      | Noticed an ogre
  3213 | D:4      | Killed an ogre
  3214 | D:4      | Reached XP level 6. HP: 4/37 MP: 8/11
  3364 | D:4      | Found a burning altar of Makhleb.
  3615 | D:4      | HP: 1/37 [burnt (3)]
  3802 | D:4      | Found a runed translucent gate.
  3803 | D:4      | Found a runed translucent gate.
  3805 | D:4      | Found a runed translucent gate.
  3807 | D:4      | Noticed cpf86's ghost (amateur DsSh)
  4002 | D:5      | Entered Level 5 of the Dungeon
  4187 | D:5      | Reached XP level 7. HP: 41/41 MP: 10/12
  4694 | D:5      | Reached skill level 6 in Earth Magic
  4869 | D:5      | Reached skill level 1 in Staves
  5148 | D:6      | Reached XP level 8. HP: 46/46 MP: 14/14
  5187 | D:6      | Reached skill level 5 in Conjurations
  5254 | D:6      | Learned a level 3 spell: Stone Arrow
  5351 | D:6      | Reached skill level 7 in Earth Magic
  5443 | D:6      | Reached skill level 5 in Spellcasting
  5450 | D:6      | Reached XP level 9. HP: 47/50 MP: 2/16
  5746 | D:6      | Found a staircase to the Ecumenical Temple.
  5753 | Temple   | Entered the Ecumenical Temple
  5764 | Temple   | Became a worshipper of Vehumet
  6030 | D:6      | Found Hehotietoo's Distillery.
  6038 | D:6      | Bought a potion of heal wounds for 60 gold pieces
  6038 | D:6      | Bought a potion of curing for 36 gold pieces
  6038 | D:6      | Bought a potion of degeneration for 12 gold pieces
  6165 | D:6      | Found Ynacvis's Book Boutique.
  6484 | D:7      | Noticed a skeletal warrior
  6487 | D:7      | Noticed Agrajag's ghost (novice TrFi)
  6500 | D:7      | Found a runed translucent gate.
  6500 | D:7      | Found a runed translucent gate.
  6504 | D:7      | Found a runed translucent gate.
  6552 | D:7      | Noticed Menkaure
  6555 | D:7      | Killed Menkaure
  6556 | D:7      | Reached skill level 8 in Earth Magic
  7184 | D:8      | Reached * piety under Vehumet
  7184 | D:8      | Offered knowledge of Freeze by Vehumet.
  7314 | D:8      | Found a shimmering altar of Xom.
  7320 | D:8      | Reached XP level 10. HP: 53/58 MP: 14/19
  7323 | D:8      | Reached skill level 5 in Staves
  7491 | D:8      | Reached skill level 5 in Fighting
  8237 | D:8      | Learned a level 4 spell: Brom's Barrelling Boulder
  8317 | D:9      | Noticed a two-headed ogre
  8324 | D:9      | Killed a two-headed ogre
  8325 | D:9      | Reached skill level 9 in Earth Magic
  8383 | D:9      | Found a staircase to the Lair.
  8446 | D:9      | Found a shadowy altar of Dithmenos.
  8503 | D:9      | Reached ** piety under Vehumet
  8503 | D:9      | Offered knowledge of Searing Ray by Vehumet.
  8704 | D:9      | Reached XP level 11. HP: 66/66 MP: 4/21
  8708 | D:9      | Reached skill level 10 in Earth Magic
  8841 | D:9      | Noticed a two-headed ogre
  8850 | D:9      | Killed a two-headed ogre
  8895 | D:9      | Found a shimmering blue altar of Sif Muna.
  9291 | D:10     | Entered Level 10 of the Dungeon
  9486 | D:10     | Identified the ring "Ufauridde" {Wiz Fly rC- Dex+2}
  9544 | D:10     | Noticed a two-headed ogre
  9553 | D:10     | Killed a two-headed ogre
 10414 | D:6      | Bought a book of the Earth for 468 gold pieces
 10420 | D:6      | Learned a level 5 spell: Lee's Rapid Deconstruction
 10505 | D:11     | Found a staircase to the Orcish Mines.
 10609 | D:11     | Offered knowledge of Mephitic Cloud by Vehumet.
 10610 | D:11     | Reached skill level 11 in Earth Magic
 10707 | D:11     | Noticed a boulder beetle
 10717 | D:11     | Noticed a cyclops
 10755 | D:11     | Reached *** piety under Vehumet
 10758 | D:11     | Found Loadapep's General Store.
 10768 | D:11     | Bought a potion of might for 56 gold pieces
 10768 | D:11     | Bought a scroll of enchant weapon for 105 gold pieces
 10808 | D:11     | Killed a cyclops
 10818 | D:11     | Killed a boulder beetle
 11409 | D:12     | Noticed a cyclops
 11413 | D:12     | Killed a cyclops
 11414 | D:12     | Reached XP level 12. HP: 76/76 MP: 15/24
 11473 | D:12     | Offered knowledge of Fulminant Prism by Vehumet.
 11535 | D:13     | Noticed a centaur warrior
 11539 | D:13     | Killed a centaur warrior
 11540 | D:13     | Reached skill level 12 in Earth Magic
 11583 | D:13     | Noticed a boulder beetle
 11604 | D:13     | Killed a boulder beetle
 11621 | D:13     | Noticed a five-headed hydra
 11625 | D:13     | Killed a five-headed hydra
 11670 | D:13     | Noticed a boulder beetle
 11675 | D:13     | Killed a boulder beetle
 11779 | D:14     | Noticed a vault guard
 11826 | D:13     | Reached skill level 10 in Fighting
 11891 | D:13     | Noticed a centaur warrior
 11899 | D:13     | Killed a centaur warrior
 12101 | D:13     | Noticed a two-headed ogre
 12107 | D:13     | Killed a two-headed ogre
 12151 | D:13     | Noticed Nessos
 12388 | D:14     | Noticed an ettin
 12395 | D:14     | Killed an ettin
 12396 | D:14     | Reached skill level 13 in Earth Magic
 12403 | D:15     | Entered Level 15 of the Dungeon
 12521 | D:12     | Noticed a centaur warrior
 12527 | D:12     | Killed a centaur warrior
 12528 | D:12     | Reached skill level 10 in Spellcasting
 12627 | D:12     | Learned a level 6 spell: Bombard
 12720 | D:12     | Reached skill level 10 in Conjurations
 12721 | D:12     | Reached **** piety under Vehumet
 12722 | D:12     | Reached XP level 13. HP: 79/83 MP: 16/27
 12724 | D:12     | Offered knowledge of Freezing Cloud by Vehumet.
 13177 | D:13     | Found a portal to a secret trove of treasure.
 13350 | D:13     | Noticed a tengu reaver
 13361 | D:13     | Killed a tengu reaver
 13516 | D:13     | Noticed a fire dragon
 13624 | D:13     | Noticed a fire dragon
 13631 | D:13     | Killed a fire dragon
 13798 | D:13     | Killed a fire dragon
 14014 | D:13     | Found an ornate altar of the Wu Jian Council.
 14156 | Orc:1    | Entered Level 1 of the Orcish Mines
 14169 | Orc:1    | Found Nymos's Weapon Boutique.
 14188 | Orc:2    | Entered Level 2 of the Orcish Mines
 14198 | Orc:1    | Noticed Nergalle
 14203 | Orc:1    | Killed Nergalle
 14255 | Orc:1    | Found Jidod's Distillery.
 14326 | Orc:1    | Found Kuxanog's Magic Scroll Emporium.
 14345 | Orc:1    | Bought a scroll of identify for 26 gold pieces
 14345 | Orc:1    | Bought a scroll of teleportation for 39 gold pieces
 14345 | Orc:1    | Bought a scroll of teleportation for 39 gold pieces
 14345 | Orc:1    | Bought a scroll of identify for 26 gold pieces
 14376 | Orc:1    | Reached skill level 1 in Armour
 15093 | Lair:1   | Entered Level 1 of the Lair of Beasts
 15153 | Lair:1   | Reached ***** piety under Vehumet
 15168 | Lair:1   | Reached skill level 14 in Earth Magic
 15264 | Lair:1   | Offered knowledge of Plasma Beam by Vehumet.
 15390 | Lair:1   | Found a transporter.
 15727 | Lair:1   | Noticed NobodyHome's ghost (journeyman GnAl)
 15731 | Lair:1   | Found a transporter.
 15876 | Lair:1   | Found a one-way gate to the infinite horrors of the Abyss.
 16116 | Lair:1   | Noticed a bunyip
 16788 | Lair:2   | Noticed Sonja
 16790 | Lair:2   | Killed Sonja
 17126 | Lair:2   | Found a hole to the Spider Nest.
 17166 | Lair:2   | Gained mutation: Your large and strong wings let you fly.
                  | [Gargoyle growth]
 17166 | Lair:2   | Reached XP level 14. HP: 88/90 MP: 22/29
 17374 | Lair:2   | Found a runed translucent gate.
 17374 | Lair:2   | Found a runed translucent gate.
 17374 | Lair:2   | Found a runed translucent gate.
 17374 | Lair:2   | Noticed queze's ghost (journeyman FeSu)
 17378 | Lair:2   | Found a viscous altar of Jiyva.
 17461 | Lair:2   | Killed queze's ghost
 17708 | Lair:3   | Reached skill level 5 in Armour
 17886 | Lair:3   | Found a sacrificial altar of Ru.
 18078 | Lair:3   | Found a staircase to the Shoals.
 18550 | Lair:4   | Learned a level 5 spell: Fireball
 18736 | Lair:4   | Reached skill level 1 in Fire Magic
 18736 | Lair:4   | Reached skill level 15 in Earth Magic
 19114 | Lair:4   | Identified a scroll of acquirement
 19132 | Lair:4   | Found a viscous altar of Jiyva.
 19132 | Lair:4   | Found a staircase to the Slime Pits.
 19661 | Lair:5   | Entered Level 5 of the Lair of Beasts
 19757 | Lair:4   | Offered knowledge of Spellforged Servitor by Vehumet.
 19824 | Lair:5   | Noticed Snorg
 19916 | Lair:5   | Noticed a dire elephant
 19916 | Lair:5   | Noticed a dire elephant
 20042 | Lair:5   | Found a gate leading to a gauntlet.
 20057 | Gauntlet | Entered a Gauntlet
 20057 | Gauntlet | Found a transporter.
 20057 | Gauntlet | Found a transporter.
 20109 | Gauntlet | Found a transporter.
 20109 | Gauntlet | Found a transporter.
 20111 | Gauntlet | Noticed a dire elephant
 20116 | Gauntlet | Found a transporter.
 20141 | Gauntlet | Found a transporter.
 20151 | Gauntlet | Found a transporter.
 20151 | Gauntlet | Found a transporter.
 20154 | Gauntlet | Found a transporter.
 20182 | Gauntlet | Found a transporter.
 20188 | Gauntlet | Found a transporter.
 20214 | Gauntlet | Found a transporter.
 20255 | Gauntlet | Found a transporter.
 20272 | Gauntlet | Found a transporter.
 20387 | Gauntlet | Found a transporter.
 20402 | Gauntlet | Found a transporter.
 20616 | Gauntlet | Identified the amulet "Hepim" {Acrobat *Corrode Fly rC+
                  | Dex+3}
 20673 | Gauntlet | Identified the ring of a Billion Quests {^Drain rF+ rN+
                  | Int+6}
 20744 | Lair:5   | Killed Snorg
 21075 | Lair:5   | Reached skill level 1 in Evocations
 21075 | Lair:5   | Reached XP level 15. HP: 95/95 MP: 10/30
 21647 | Lair:5   | Offered knowledge of Ozocubu's Refrigeration by Vehumet.
 22217 | Lair:5   | Reached skill level 5 in Fire Magic
 22217 | Lair:5   | Reached skill level 16 in Earth Magic
 22270 | Lair:5   | Identified the ring of Anylacou {EV+5 Slay+3}
 23200 | Lair:1   | Identified the +6 falchion of Harmony {drain, Will+ Dex+2}
 23250 | Lair:1   | Killed NobodyHome's ghost
 23503 | D:4      | Killed cpf86's ghost
 23617 | D:7      | Killed Agrajag's ghost
 23840 | D:13     | Killed Nessos
 23991 | D:14     | Found a gate to the Vaults.
 24194 | D:14     | Reached XP level 16. HP: 100/100 MP: 13/32
 24486 | D:15     | Noticed Kirke
 24493 | D:15     | Killed Kirke
 24751 | D:15     | Noticed Louise
 24925 | D:15     | Identified the +3 chain mail of a sewer {rElec rN+++ Slay-3
                  | SInv}
 24963 | D:15     | Offered knowledge of Yara's Violent Unravelling by Vehumet.
 25049 | D:15     | Noticed Azrael
 25057 | D:15     | Killed Azrael
 25162 | D:15     | Learned a level 3 spell: Passwall
 25215 | D:15     | Found a staircase to the Depths.
 25732 | Orc:2    | Paralysed by an orc sorcerer for 4 turns
 25818 | Orc:2    | Noticed Maurice
 25822 | Orc:2    | Killed Maurice
 26008 | Orc:2    | Found Ydelor's Antique Weapon Emporium.
 26069 | Orc:2    | Found Qotzaec's Book Shoppe.
 26075 | Orc:2    | Found a staircase to the Elven Halls.
 26097 | Orc:2    | Reached skill level 17 in Earth Magic
 26188 | Orc:2    | Found Ythuan's General Store.
 26276 | Orc:2    | Found Kodethroy's Antique Armour Shop.
 26772 | Spider:1 | Entered Level 1 of the Spider Nest
 26959 | Spider:1 | Offered knowledge of Eringya's Noxious Bog by Vehumet.
 27811 | Spider:2 | Reached XP level 17. HP: 108/108 MP: 18/34
 27887 | Spider:2 | Reached skill level 5 in Evocations
 28703 | Spider:3 | Reached ****** piety under Vehumet
 28703 | Spider:3 | Offered knowledge of Arcjolt by Vehumet.
 28752 | Spider:3 | Reached skill level 15 in Conjurations
 29351 | Spider:3 | Noticed Roxanne
 29360 | Spider:3 | Killed Roxanne
 29837 | Orc:2    | Bought a book of Flames for 392 gold pieces
 29837 | Orc:2    | Bought Cuiley's Directory of Dislocated Refrigeration for
                  | 616 gold pieces
 30113 | Spider:4 | Entered Level 4 of the Spider Nest
 30207 | Spider:4 | Identified the serpent talisman of the Evening {rElec Dex+4
                  | Slay-4 Stlth+}
 30207 | Spider:4 | Noticed Aizul
 30250 | Spider:3 | Learned a level 4 spell: Flame Wave
 30255 | Spider:3 | Learned a level 4 spell: Sticky Flame
 30310 | Spider:4 | Reached skill level 18 in Earth Magic
 30457 | Spider:4 | Offered knowledge of Starburst by Vehumet.
 30467 | Spider:4 | Learned a level 6 spell: Starburst
 30756 | Spider:4 | Killed Aizul
 31243 | Spider:4 | Noticed Mlioglotl
 31251 | Spider:4 | Killed Mlioglotl
 31448 | Spider:4 | Reached XP level 18. HP: 114/114 MP: 12/36
 31691 | Spider:4 | Reached skill level 5 in Dodging
 31992 | Spider:4 | Identified the +0 hat of Honour {Harm Dex+3}
 31996 | Spider:4 | Got a gossamer rune of Zot
 32325 | Shoals:1 | Entered Level 1 of the Shoals
 33164 | Shoals:1 | Reached skill level 10 in Fire Magic
 33956 | Shoals:3 | Offered knowledge of Fire Storm by Vehumet.
 33956 | Shoals:3 | Offered knowledge of Shatter by Vehumet.
 33956 | Shoals:3 | Offered knowledge of Ignition by Vehumet.
 34840 | Shoals:3 | Found Gugg's Distillery.
 34843 | Shoals:3 | Found a runed translucent gate.
 34843 | Shoals:3 | Found a runed translucent gate.
 34843 | Shoals:3 | Found a runed translucent gate.
 34849 | Shoals:3 | Bought a potion of heal wounds for 60 gold pieces
 34849 | Shoals:3 | Bought a potion of heal wounds for 60 gold pieces
 34849 | Shoals:3 | Bought a potion of heal wounds for 60 gold pieces
 34852 | Shoals:3 | Noticed Bycosi's ghost (adept MiFi)
 35009 | Shoals:4 | Entered Level 4 of the Shoals
 35360 | Shoals:4 | Reached skill level 19 in Earth Magic
 35796 | Shoals:4 | Reached skill level 15 in Spellcasting
 35797 | Shoals:4 | Reached XP level 19. HP: 119/119 MP: 35/38
 35852 | Shoals:4 | Paralysed by an air elemental for 1 turns
 36420 | Shoals:4 | Identified the +1 kite shield of the Okapi {Will++ Regen+
                  | rCorr}
 36426 | Shoals:4 | Noticed Mara
 36464 | Shoals:4 | Reached skill level 1 in Shields
 36483 | Shoals:4 | Killed Mara
 36660 | Shoals:4 | Got a barnacled rune of Zot
 37030 | Elf:1    | Entered Level 1 of the Elven Halls
 37051 | Elf:1    | Found a radiant altar of Vehumet.
 37125 | Elf:1    | Found Xodghon's General Store.
 37264 | Elf:1    | Identified the amulet "Isess" {Acrobat rCorr}
 37388 | Elf:1    | Identified the +0 scale mail of Limited Liability {rF-
                  | Regen+ Stlth+}
 37466 | Elf:1    | Noticed Jorgrun
 37468 | Elf:1    | Killed Jorgrun
 37646 | Elf:1    | Paralysed by an orc sorcerer for 3 turns
 37871 | Elf:1    | Reached skill level 5 in Shields
 37976 | Elf:1    | Identified the +1 sling of Deloz {drain, rPois rF+ Str+3}
 38029 | Elf:1    | Found a radiant altar of Vehumet.
 38606 | Elf:2    | Found a glowing silver altar of Zin.
 38610 | Elf:2    | Found a crumbling gateway.
 38610 | Elf:2    | Found a white marble altar of Elyvilon.
 38623 | Elf:2    | Found a glowing golden altar of the Shining One.
 38672 | Desolati | Entered the Desolation of Salt
 39291 | Desolati | Identified the +5 pearl dragon scales of the Tired Violins
                  | {rN+ Int+2 Dex-4 SInv}
 39291 | Desolati | Identified the ring "Hoov" {rPois Str+6 Int-2 Dex+3 SInv}
 39309 | Desolati | Reached XP level 20. HP: 114/124 MP: 27/39
 39419 | Desolati | Identified the +0 helmet of Ruadas Bois {Int+4 Stlth-}
 39452 | Desolati | Reached skill level 20 in Earth Magic
 39459 | Desolati | Identified the +0 robe of Elyvilon, Destroying {*Corrode
                  | rPois rC- Archmagi}
 39646 | Desolati | Found the -2 hat of the Alchemist {rElec rPois rF+ rC+ rN+
                  | Will+ rMut rCorr}
 39817 | Desolati | Got the Textbook on the Unstable Winter
 39823 | Desolati | Got Koahuem's Collected Works on Phantasmal Displacement
 40585 | Elf:2    | Found a huge runed translucent gate.
 40585 | Elf:2    | Found a huge runed translucent gate.
 40585 | Elf:2    | Found a huge runed translucent gate.
 40585 | Elf:2    | Found a huge runed translucent gate.
 40586 | Elf:2    | Found a huge runed translucent gate.
 41910 | Elf:3    | Entered Level 3 of the Elven Halls
 41973 | Elf:3    | Noticed Norris
 41988 | Elf:3    | Killed Norris
 42415 | Elf:3    | Reached skill level 10 in Armour
 42692 | Elf:3    | Reached skill level 10 in Shields
 43068 | Elf:3    | Reached XP level 21. HP: 118/129 MP: 41/41
 43227 | Elf:3    | Identified the +5 flail of Greed {heavy, Dex+5}
 43453 | Elf:3    | Found the +0 pair of fencer's gloves {Riposte Dex+3}
 43483 | Elf:3    | Got the Omnibus of Astrapomancy
 43486 | Elf:3    | Identified the +0 cloak of the Cricket {Str+7}
 43520 | Elf:3    | Identified the +0 pair of boots "Omymoam" {rElec Dex+3
                  | Stlth-}
 43584 | Elf:3    | Got the Catalogue of Scorched Graupel
 44266 | D:15     | Killed Louise
 44565 | Shoals:3 | Killed Bycosi's ghost
 44737 | Shoals:3 | Bought a potion of cancellation for 96 gold pieces
 44737 | Shoals:3 | Bought a potion of mutation for 96 gold pieces
 44737 | Shoals:3 | Bought a potion of haste for 120 gold pieces
 44737 | Shoals:3 | Bought a potion of berserk rage for 60 gold pieces
 44752 | Shoals:3 | Identified the +0 pair of boots of Xaunn {-Cast +Blink
                  | Slay+3}
 45036 | Vaults:1 | Entered Level 1 of the Vaults
 45047 | Vaults:1 | Found Ivuy's Distillery.
 45098 | Vaults:1 | Found a flickering gateway to a bazaar.
 45120 | Bazaar   | Entered a bazaar
 45156 | Bazaar   | Found Pecluril's Antique Weapon Boutique.
 45181 | Bazaar   | Found Umoug's Assorted Antiques.
 45244 | Bazaar   | Found Kaemon's Book Boutique.
 45281 | Bazaar   | Bought a scroll of revelation for 135 gold pieces
 45281 | Bazaar   | Bought a wand of light (7) for 529 gold pieces
 45281 | Bazaar   | Bought a scroll of revelation for 135 gold pieces
 46618 | Vaults:1 | Found Leluuf's Assorted Antiques.
 46716 | Vaults:2 | Reached skill level 21 in Earth Magic
 47102 | Vaults:2 | Found Ulec Dom's Distillery.
 47202 | Vaults:2 | Noticed Asterion
 47207 | Vaults:2 | Killed Asterion
 47550 | Vaults:2 | Reached XP level 22. HP: 135/135 MP: 25/42
 47663 | Vaults:2 | Found a staircase to the Crypt.
 48200 | Vaults:3 | Found a flickering gateway to a bazaar.
 48229 | Bazaar   | Entered a bazaar
 48229 | Bazaar   | Found Kicymepp's Weapon Emporium.
 48229 | Bazaar   | Found Ystoc's Weapon Emporium.
 48230 | Bazaar   | Found Hownom's Assorted Antiques.
 48230 | Bazaar   | Found Horaab's Assorted Antiques.
 48251 | Bazaar   | Bought a scroll of summoning for 152 gold pieces
 49230 | Vaults:4 | Found Meliuji's Weapon Boutique.
 49652 | Vaults:4 | Found Nogiyco's Assorted Antiques.
 50553 | Depths:1 | Entered Level 1 of the Depths
 50686 | Depths:1 | Found a broken altar of Ashenzari.
 50710 | Depths:1 | Learned a level 8 spell: Lehudib's Crystal Spear
 50866 | Depths:1 | Identified the +0 leather armour of the Loofah {Dex+3}
 50949 | Depths:1 | Reached XP level 23. HP: 140/140 MP: 42/44
 50990 | Depths:1 | Noticed Saint Roka
 50995 | Depths:1 | Killed Saint Roka
 50998 | Depths:1 | Noticed Boris
 51020 | Depths:1 | Killed Boris
 51251 | Depths:1 | Found a gateway to Hell.
 51745 | Depths:2 | Found a one-way gate leading to the halls of Pandemonium.
 51752 | Depths:2 | Reached skill level 15 in Armour
 51843 | Depths:2 | Reached skill level 15 in Shields
 51883 | Depths:2 | Reached skill level 22 in Earth Magic
 52062 | Depths:2 | Noticed a juggernaut
 52067 | Depths:2 | Killed a juggernaut
 52068 | Depths:2 | Noticed a golden dragon
 52507 | Depths:2 | Killed a golden dragon
 52601 | Depths:2 | Found the +8 whip "Snakebite" {venom, curare, rPois}
 52672 | Depths:2 | Identified the +2 flail of Cruel Justice {freeze, MP+9
                  | Dex+2}
 53109 | Depths:3 | Identified the ring "Fyeppo" {Ice rElec rPois Int+2}
 53109 | Depths:3 | Noticed Josephina
 53112 | Depths:3 | Noticed a golden dragon
 53117 | Depths:3 | Killed a golden dragon
 53120 | Depths:3 | Killed Josephina
 53285 | Depths:3 | Noticed Vv
 53311 | Depths:2 | Killed Vv
 53582 | Depths:3 | Noticed Margery
 53589 | Depths:3 | Killed Margery
 53870 | Depths:3 | Reached XP level 24. HP: 148/148 MP: 35/44
 53958 | Depths:3 | Found a runed translucent door.
 53998 | Depths:3 | Identified the staff of the Twisting Gods {+Blink rC+ rCorr
                  | Ice}
 54020 | Depths:3 | Found a runed translucent door.
 54482 | Depths:3 | You are sucked into a shaft and drop 1 floor!
 54482 | Depths:4 | Entered Level 4 of the Depths
 54782 | Depths:3 | Identified the +14 plate armour of Qazlal's Regard {Rampage
                  | rElec rN+++ Int-3}
 54953 | Depths:3 | Found a bloodstained altar of Trog.
 55373 | Depths:4 | Identified the orb "Duimmuf" {light, ^Drain rPois Str+7
                  | Necro}
 55373 | Depths:4 | Noticed Frederick
 55377 | Depths:4 | Killed Frederick
 55545 | Depths:4 | Found a one-way gateway to a ziggurat.
 55565 | Depths:4 | Noticed a caustic shrike
 55565 | Depths:4 | Noticed a caustic shrike
 55566 | Depths:4 | Noticed a caustic shrike
 55566 | Depths:4 | Noticed a caustic shrike
 55574 | Depths:4 | Killed a caustic shrike
 55577 | Depths:4 | Killed a caustic shrike
 55577 | Depths:4 | Noticed Mennas
 55579 | Depths:4 | Killed a caustic shrike
 55579 | Depths:4 | Killed a caustic shrike
 55603 | Depths:3 | HP: 6/149 [spriggan defender/+3 quick blade of venom (14)]
 55845 | Depths:4 | Killed Mennas
 55968 | Depths:4 | Noticed a caustic shrike
 55973 | Depths:4 | Killed a caustic shrike
 55974 | Depths:4 | Reached skill level 15 in Fighting
 55977 | Depths:4 | Noticed a caustic shrike
 55981 | Depths:4 | Noticed a caustic shrike
 55984 | Depths:4 | Noticed a caustic shrike
 55985 | Depths:4 | Killed a caustic shrike
 55986 | Depths:4 | Killed a caustic shrike
 56008 | Depths:4 | Killed a caustic shrike
 56474 | Depths:4 | Reached skill level 23 in Earth Magic
 57110 | Depths:4 | Found a gate to the Realm of Zot.
 57410 | Lair:1   | Acquired 807 gold pieces
 57573 | D:13     | You paid a toll of +3 shadow dragon scales to enter a
                  | treasure trove
 57574 | Trove    | Entered a treasure trove
 57621 | Trove    | Identified the ring of Stoicism {rC+ Will+ MP+9}
 58145 | Vaults:4 | Learned a level 9 spell: Shatter
 58156 | Vaults:5 | Entered Level 5 of the Vaults
 58179 | Vaults:5 | Reached XP level 25. HP: 146/156 MP: 45/45
 58671 | Vaults:5 | Noticed a dread lich
 58675 | Vaults:5 | Killed a dread lich
 58767 | Vaults:5 | Identified the +2 broad axe of the Spider {venom, rN++}
 58767 | Vaults:5 | Identified the +9 ice dragon scales of the Treeataur
                  | {Rampage rF- rC++ Str-4 Dex+6}
 59173 | Vaults:5 | Identified the +2 pair of gloves of the Bequeathed God
                  | {rElec rC++ Will+++ Str-3}
 59391 | Vaults:5 | Reached skill level 24 in Earth Magic
 59743 | Vaults:5 | Identified the +4 ring mail of the Moon {rN++ Regen+ Int+2
                  | Dex-4}
 59907 | Vaults:5 | Got a silver rune of Zot
 60429 | Crypt:1  | Entered Level 1 of the Crypt
 60582 | Crypt:2  | Noticed Bai Suzhen
 60588 | Crypt:2  | Killed Bai Suzhen
 60701 | Crypt:3  | Entered Level 3 of the Crypt
 60769 | Crypt:3  | Reached XP level 26. HP: 164/164 MP: 41/46
 60902 | Crypt:3  | Found a staircase to the Tomb.
 61392 | Crypt:3  | Noticed a dread lich
 61395 | Crypt:3  | Killed a dread lich
 61495 | Crypt:3  | Found a basalt altar of Yredelemnul.
 61498 | Crypt:3  | Found an ancient bone altar of Kikubaaqudgha.
 61511 | Crypt:3  | Got an ivory gem with 746 turns to spare
 61543 | Crypt:3  | Identified the ring of Esaes {rElec rF- rN+++ MP-9 Str+6}
 61546 | Crypt:3  | Identified the +1 scale mail of the Old and Reckless {rN++}
 61547 | Crypt:3  | Identified the staff of Grace {rPois rN+ rCorr Alchemy}
 61581 | Crypt:3  | Got Gloorx Vloq's Papyrus of the Catacomb
 61583 | Crypt:3  | Identified the +7 battleaxe of Laibowk {freeze, Int+3}
 62109 | Crypt:2  | Reached skill level 15 in Fire Magic
 63346 | Slime:1  | Entered Level 1 of the Pits of Slime
 63690 | Slime:2  | You are sucked into a shaft and drop 2 floors!
 64603 | Slime:3  | Noticed Dissolution
 64611 | Slime:3  | Killed Dissolution
 64731 | Slime:3  | Reached skill level 25 in Earth Magic
 64975 | Slime:3  | Gained mutation: Potions are less effective at restoring
                  | your health. [a shining eye]
 65338 | Slime:4  | Reached XP level 27. HP: 169/169 MP: 47/47
 65547 | Slime:5  | Entered Level 5 of the Pits of Slime
 65637 | Slime:4  | Learned a level 8 spell: Ignition
 65887 | Slime:5  | Noticed the Royal Jelly
 66106 | Slime:5  | Killed the Royal Jelly
 66339 | Slime:5  | Got the Papyrus of Transportation and the Crevasse
 66345 | Slime:5  | Identified the +7 war axe of Demand {venom, +Blink}
 66352 | Slime:5  | Got the Secrets of the Familiar Door
 66439 | Slime:5  | Identified the +4 trident of Jesiblei {freeze, Str+5}
 66538 | Slime:5  | Identified the +2 war axe of Extremism {holy, rF+ Dex+3}
 66541 | Slime:5  | Got a slimy rune of Zot
 66976 | D:6      | Bought 2 potions of brilliance for 96 gold pieces
 66976 | D:6      | Bought a potion of invisibility for 96 gold pieces
 66976 | D:6      | Bought a potion of mutation for 96 gold pieces
 67162 | Vaults:1 | Bought a potion of heal wounds for 55 gold pieces
 67162 | Vaults:1 | Bought a potion of curing for 33 gold pieces
 67162 | Vaults:1 | Bought a potion of mutation for 88 gold pieces
 67162 | Vaults:1 | Bought a potion of brilliance for 44 gold pieces
 67162 | Vaults:1 | Bought a potion of resistance for 110 gold pieces
 67249 | Vaults:2 | Bought a potion of heal wounds for 80 gold pieces
 67249 | Vaults:2 | Bought a potion of mutation for 128 gold pieces
 67249 | Vaults:2 | Bought a potion of magic for 128 gold pieces
 67249 | Vaults:2 | Bought a potion of resistance for 160 gold pieces
 67249 | Vaults:2 | Bought a potion of might for 64 gold pieces
 67430 | Orc:1    | Bought a potion of magic for 96 gold pieces
 67430 | Orc:1    | Bought a potion of magic for 96 gold pieces
 67430 | Orc:1    | Bought a potion of haste for 120 gold pieces
 67529 | Elf:1    | Bought a potion of mutation for 136 gold pieces
 67529 | Elf:1    | Bought a scroll of immolation for 68 gold pieces
 67809 | Vaults:4 | Bought a potion of heal wounds for 175 gold pieces
 67809 | Vaults:4 | Bought a potion of heal wounds for 175 gold pieces
 67809 | Vaults:4 | Bought a potion of invisibility for 280 gold pieces
 67809 | Vaults:4 | Bought a lightning rod (4/4) for 1400 gold pieces
 67809 | Vaults:4 | Bought a potion of heal wounds for 175 gold pieces
 67937 | Vaults:1 | Bought a potion of magic for 392 gold pieces
 68114 | Lair:1   | Lost mutation: Potions are less effective at restoring your
                  | health. [potion of mutation]
 68114 | Lair:1   | Gained mutation: Your spells are a little easier to cast,
                  | but a little less powerful. [potion of mutation]
 68114 | Lair:1   | Gained mutation: You have a pair of small horns on your
                  | head. [potion of mutation]
 68114 | Lair:1   | Lost mutation: You have a pair of small horns on your head.
                  | [potion of mutation]
 68114 | Lair:1   | Gained mutation: You have sharp toenails. [potion of
                  | mutation]
 68115 | Lair:1   | Lost mutation: You have sharp toenails. [potion of
                  | mutation]
 68115 | Lair:1   | Lost mutation: Your spells are a little easier to cast, but
                  | a little less powerful. [potion of mutation]
 68115 | Lair:1   | Gained mutation: You passively dampen the noise of your
                  | surroundings. [potion of mutation]
 68115 | Lair:1   | Gained mutation: Your mind is acute. (Int +4, Str/Dex -1)
                  | [potion of mutation]
 68115 | Lair:1   | Gained mutation: Your mind is very acute. (Int +8, Str/Dex
                  | -2) [potion of mutation]
 68438 | Zot:1    | Entered Level 1 of the Realm of Zot
 68606 | Zot:5    | Entered Level 5 of the Realm of Zot
 68792 | Zot:5    | Got a prismatic gem with 637 turns to spare
 70457 | Zot:2    | Noticed a dread lich
 70460 | Zot:2    | Killed a dread lich
 70566 | Zot:2    | Noticed Parghit
 70567 | Zot:2    | Killed Parghit
 71029 | Zot:2    | Found a runed translucent door.
 71029 | Zot:2    | Noticed Beuseq's ghost (master GnFi)
 71038 | Zot:2    | Killed Beuseq's ghost
 71611 | Zot:3    | Found a runed translucent door.
 71611 | Zot:3    | Found a shimmering altar of Xom.
 71611 | Zot:3    | Noticed Jiorhin's ghost (legendary TrBe)
 72142 | Zot:3    | Killed Jiorhin's ghost
 73513 | Zot:5    | Noticed a dread lich
 73515 | Zot:5    | Noticed an orb of fire
 73607 | Zot:5    | Killed a dread lich
 73843 | Zot:5    | Noticed an orb of fire
 73870 | Zot:5    | Killed an orb of fire
 73873 | Zot:5    | Killed an orb of fire
 74801 | Zot:5    | Noticed an orb of fire
 74809 | Zot:5    | Killed an orb of fire
 74990 | Zot:5    | Noticed an orb of fire
 74998 | Zot:5    | Killed an orb of fire
 75051 | Zot:5    | Noticed an ancient lich
 75056 | Zot:5    | Killed an ancient lich
 75363 | Zot:5    | Got the Orb of Zot
 75767 | D:14     | Noticed Welo the pandemonium lord
 75767 | D:14     | Noticed an ancient lich
 75768 | D:14     | Killed an ancient lich
 75772 | D:14     | Killed Welo the pandemonium lord
 75969 | D:5      | Learned a level 9 spell: Fire Storm
 76065 | D:$      | Escaped with the Orb!

Illustrated notes

Levels and vault maps discovered:
D:1:      lightli_arrival_boilingwater, layout_basic, minmay_misc_feat_rows,
          nicolae_kite_square_tiling_tiny
D:2:      layout_loops_cross, shapermc_ecumenical_altar_hornbeckon,
          minmay_misc_feat_five, st_stairs_10
D:3:      layout_basic, serial_shops, nicolae_shop_pleasant_corner_grove,
          uniq_jessica
D:4:      layout_loops_corners, bloody_makhleb, ebering_ghost_rock_garden,
          grunt_ministairs_15
D:5:      layout_basic
D:6:      minmay_polygon_palace, layout_loops_ring,
          minmay_temple_entry_junction_2, serial_shops, nicolae_shop_peninsula,
          nicolae_shop_industrial_runoff
D:7:      layout_basic, gammafunk_ghost_split, uniq_menkaure
D:8:      layout_loops_cross, xom_confusion_cloud, minmay_checkerbox
D:9:      nicolae_BIG_FREAKIN_CUBE, layout_gridville, grunt_dithmenos_shadows,
          amcnicky_altar_gilded
D:10:     layout_stronghold
D:11:     layout_small_grid, orc_0_dummy, serial_shops, nicolae_shop_waterfront
D:12:     layout_roguey, hangedman_weighted_door
D:13:     minmay_glassy_protrusions, layout_loops_ring, enter_trove_1,
          chequers_serial_rivers_micro_a, nzn_wu_jian_council_hall, uniq_nessos
D:14:     minmay_outward_triangles, layout_rooms, erik_vaults_1,
          hangedman_abyss_or_decor_clamps, chequers_serial_rivers_room_a
D:15:     hellmonk_depths_entry_around_the_bend, layout_irregular_city,
          serial_library_regret_index_branch_corner, uniq_kirke, uniq_azrael,
          uniq_louise
Temple:   regret_index_temple_chain_breaker
Lair:1:   layout_cave_pods, gammafunk_ghost_abyssal_escape,
          pdpol_lair_cavern_descent
Lair:2:   layout_cave_pods, dummy_spider_entry, gammafunk_ghost_ooze, uniq_sonja
Lair:3:   layout_gridlike, elwin_shoals_entry_rocks, basic_altar,
          small_statue_intersection
Lair:4:   layout_regular_city, slime_entry_1, grunt_megastairs_2
Lair:5:   due_jungle_book, layout_cave_pods, gauntlet_entry_generic, uniq_snorg
Shoals:1: nicolae_shoals_aurelia_aurita, layout_shoals
Shoals:2: layout_shoals, nicolae_shoals_nautilus_by_nature
Shoals:3: layout_shoals, gammafunk_ghost_tricky_traps, serial_shops, shop
Shoals:4: shoals_end_hellmonk_storm_palace [storm_palace_center_square,
          storm_palace_corner_narrow, storm_palace_corner_reverse_hut,
          storm_palace_corner_pillars, storm_palace_corner_grid], uniq_mara
Spider:1: layout_spider_delve
Spider:2: layout_spider_delve, hangedman_spider_tarantella_strand
Spider:3: layout_spider_delve, nicolae_spider_eight_legs, uniq_roxanne
Spider:4: grunt_spider_rune_parallel, nicolae_crawler_farm, uniq_aizul,
          uniq_mlioglotl
Slime:1:  layout_caves
Slime:2:  layout_caves
Slime:3:  layout_caves, nicolae_slime_crime_time, uniq_dissolution
Slime:4:  layout_caves
Slime:5:  slime_pit_nicolae_inversion
Orc:1:    layout_caves, basic_altar, serial_shops, nicolae_lakefront_shop,
          nicolae_shop_hallway_stairs, shop, uniq_nergalle
Orc:2:    grunt_orc_gardens, layout_caves, grunt_orc_garden, grunt_orc_garden,
          grunt_orc_garden, grunt_orc_garden, basic_altar, uniq_maurice
Elf:1:    eino_elf_arrival_altar, layout_onion_city, serial_shops,
          nicolae_diamond_shop, nicolae_elf_theology_debate, uniq_jorgrun
Elf:2:    elven_hall_of_blades_hangedman_alternative
          [nicolae_blade_little_rooms], layout_gridlike,
          portal_desolation_entry_holy_temple
Elf:3:    minmay_elf_hall_quartered_circle, layout_loops_corners, uniq_norris
Vaults:1: nicolae_vaults_frosty_reception, ontoclasm_vaults_fault,
          ontoclasm_vaults_ligature, vaults_room_door_ring,
          nicolae_vaults_specimen_jars, nicolae_vaults_security_offices_4,
          nicolae_vaults_mini_display_case, v_misc_1,
          nicolae_vaults_stairing_the_circle, nicolae_vaults_heart-shaped_vault,
          layout_vaults_omnigrid, serial_shops, bzr_entry_safe,
          nicolae_shop_advertising_works [nicolae_subvault_shop_adworks], shop
Vaults:2: v_alt_pattern_4, minmay_crypt_entry_simple_walls,
          nicolae_vaults_stepped_doors, ontoclasm_vaults_tryst,
          vaults_room_semicircle, v_pattern_4, hangedman_vaults_nails,
          v_alt_pattern_6, ontoclasm_vaults_twist, ontoclasm_vaults_gateway,
          nicolae_vaults_tetromino_Z_2, nicolae_vaults_diamond_2,
          nicolae_vaults_circle_grid_b, ontoclasm_vaults_chip,
          layout_vaults_big_room, serial_shops, nicolae_shop_tiny_glass,
          uniq_asterion
Vaults:3: nicolae_vaults_shrinking_rooms_1, nicolae_vaults_turnstiles,
          v_rooms_4, nicolae_vaults_display_case, vaults_mumra_hexcomb,
          nicolae_vaults_gold_heap, nicolae_vaults_storage_closets_2,
          hangedman_vaults_stream, ontoclasm_vaults_misaligned,
          nicolae_vaults_offset_grid_hallway_4, ontoclasm_vaults_loading_screen,
          nicolae_vaults_bisected_inception, layout_vaults_omnibox,
          serial_shops, bzr_in_the_mist
Vaults:4: nicolae_vaults_circle_grid_a, nicolae_vaults_little_squares_1,
          nicolae_vaults_yaktaur_gun_rack, hangedman_vaults_variations,
          vaults_room_corners, nicolae_vaults_windows_and_doors_thing,
          nicolae_vaults_tetromino_L_2, ontoclasm_vaults_pinch,
          dpeg_vaults_monster_row, nicolae_vaults_taking_the_gang_shopping,
          nicolae_vaults_little_squares_4, vaults_room_stairs_pillars,
          layout_vaults_maze_bifur, serial_shops, shop
Vaults:5
Crypt:1:  layout_rooms, grunt_crypt_arrival_guarded_gate
Crypt:2:  layout_misc_corridors, roderic_lattice_octagonal_star, uniq_bai_suzhen
Crypt:3:  lightli_unholy_cathedral, layout_chaotic_city,
          nicolae_tomb_entry_unfolded_pyramid_diagonal
Depths:1: layout_basic, abyss_entry, pf_dread_powers_of_hell,
          grunt_ministairs_2, nicolae_sextant, serial_library_hellmonk_junction,
          cheibrodos_ashenzari_chains, uniq_saint_roka, uniq_boris
Depths:2: minmay_diamond_stairs, layout_gridville, rand_demon_pan_entry_7,
          serial_library_hellmonk_room_c, hell_entry, grunt_megastairs_3,
          minmay_staircase_windowed_large
Depths:3: cheibrodos_witchhunters_guild, layout_cave_shapes, abyss_entry,
          patterned_corridor, lightli_too_deep, evilmike_spriggan_trog_shrine,
          uniq_margery, uniq_josephina, uniq_vv
Depths:4: grunt_runaround [grunt_runaround_zot, grunt_runaround_doors_1,
          grunt_runaround_doors_2, grunt_runaround_doors_3,
          grunt_runaround_doors_4], hell_entry, uniq_mennas, uniq_frederick
Zot:1:    layout_gridlike, grunt_ministairs_3
Zot:2:    layout_cellular_growth, ebering_ghost_inner_flame,
          lemuel_lich_library, uniq_parghit
Zot:3:    layout_gridlike, ebering_ghost_xom
Zot:4:    layout_basic, regret_index_zotdec_twisting_globes, lemuel_elevator
Zot:5:    layout_misc_corridors

Skill      XL: |  1  2  3  4  5  6  7  8  9 10 11 12 13 14 15 16 17 18 19 20 21 22 23 24 25 26 27 |
---------------+----------------------------------------------------------------------------------+-----
Fighting       | 1 2 3 4 6 9 10 11 12 13 14 15 16 | 16.5
Earth Magic    | 4 5 6 7 8 9 11 13 14 15 16 17 18 19 20 21 22 23 24 25 | 25.1
Conjurations   | 2 3 4 5 7 8 10 11 12 13 14 15 16 17 18 19 21 | 21.9
Spellcasting   | 3 4 5 6 7 8 10 11 12 13 14 15 16 17 18 19 20 23 | 23.2
Dodging        | 2 3 4 5 |  5.1
Staves         | 1 3 4 6 8 |  8.0
Armour         | 4 6 7 9 10 12 14 16 17 18 22 | 22.6
Fire Magic     | 3 6 7 9 10 12 14 16 20 | 20.0
Evocations     | 1 4 5 |  5.0
Shields        | 6 10 12 14 16 17 | 17.0
Stealth        | |  2.1

Action                     |  1- 3 |  4- 6 |  7- 9 | 10-12 | 13-15 | 16-18 | 19-21 | 22-24 | 25-27 || total
---------------------------+-------+-------+-------+-------+-------+-------+-------+-------+-------++-------
  Melee: Whip              |       |     1 |     2 |       |       |       |       |       |       ||     3
         Quarterstaff      |       |       |    17 |    15 |   227 |       |       |       |       ||   259
         Staff             |       |       |       |       |   138 |   379 |   282 |   295 |   475 ||  1569
         Punch             |       |       |       |       |       |     7 |     1 |       |       ||     8
  Throw: Dart              |       |       |       |     4 |       |     2 |       |     1 |       ||     7
   Cast: Sandblast         |    44 |    89 |   123 |    36 |     5 |     4 |       |       |       ||   301
         Stone Arrow       |       |       |    46 |   198 |   137 |    24 |     3 |       |       ||   408
         Brom's Barrelling |       |       |       |     8 |    10 |     3 |     1 |     1 |       ||    23
         Lee's Rapid Decon |       |       |       |    21 |   120 |    81 |   180 |   108 |   126 ||   636
         Bombard           |       |       |       |       |   176 |   305 |   235 |   123 |    18 ||   857
         Fireball          |       |       |       |       |    21 |   133 |    83 |    32 |     7 ||   276
         Starburst         |       |       |       |       |       |    11 |    33 |    50 |    86 ||   180
         Sticky Flame      |       |       |       |       |       |       |     5 |       |       ||     5
         Lehudib's Crystal |       |       |       |       |       |       |       |   170 |   531 ||   701
         Shatter           |       |       |       |       |       |       |       |     1 |    23 ||    24
         Ignition          |       |       |       |       |       |       |       |       |     6 ||     6
  Evoke: Wand              |       |       |       |       |     7 |     2 |     1 |     3 |     4 ||    17
    Use: Scroll            |       |     2 |     2 |     4 |    19 |     4 |     4 |     9 |    13 ||    57
         Potion            |       |       |       |     1 |     1 |     3 |     2 |     6 |     5 ||    18
   Stab: Distracted        |       |       |     1 |       |       |       |       |       |       ||     1
         Invisible         |       |       |       |       |       |       |       |     1 |       ||     1
 Armour: Robe              |     7 |    36 |    81 |     8 |       |       |       |       |       ||   132
         Steam dragon scal |       |       |       |   180 |   403 |       |       |       |       ||   583
         Troll leather arm |       |       |       |       |   106 |   609 |   148 |       |       ||   863
         Pearl dragon scal |       |       |       |       |       |       |   182 |   365 |   688 ||  1235
  Dodge: Dodged            |    12 |    28 |    73 |   100 |   370 |   555 |   198 |   188 |   202 ||  1726
  Block: Kite shield       |       |       |       |       |       |       |   138 |   292 |   405 ||   835
Riposte: Staff             |       |       |       |       |       |       |    18 |   121 |    11 ||   150
